 Dungeon Crawl Stone Soup version 0.29-a0-422-gafbd6decc1 (webtiles) character file.

Game seed: 11019783194635819722

597 happo123 the Ruffian (level 7, -4/66 HPs)
             Began as a Troll Transmuter on May 19, 2022.
             Slain by Pikel
             ... wielding a +0 whip of freezing
              (10 damage)
             ... on level 5 of the Dungeon.
             The game lasted 00:12:00 (3555 turns).

happo123 the Ruffian (Troll Transmuter)             Turns: 3555, Time: 00:12:00

Health: -4/66      AC:  8    Str: 19    XL:     7   Next: 17%
Magic:  7/9        EV: 10    Int: 11    God:
Gold:   255        SH:  0    Dex: 10    Spells: 7/10 levels left

rFire   . . .      SeeInvis .     - Unarmed
rCold   . . .      Faith    .   (no shield)
rNeg    . . .      Spirit   .   a - +0 robe
rPois   .          Reflect  .   (helmet currently unavailable)
rElec   .          Harm     .   (no cloak)
rCorr   .          Rampage  .   (gloves unavailable)
Will    .....                   (boots unavailable)
Stlth   +.........              (no amulet)
HPRegen 1.01/turn               c - +4 ring of protection
MPRegen 0.11/turn               (no ring)

@: appendages, wereblooded (expiring)
A: horns 2, talons 2, large, unfitting armour, claws 3, regeneration 1, shaggy
fur 1, tough skin 1
a: End Transformation


You were on level 5 of the Dungeon.
You had temporarily grown beastly horns and talons.
You visited 1 branch of the dungeon, and saw 5 of its levels.
You also visited: Sewer.

You collected 255 gold pieces.

Inventory:

Missiles
 w - 2 throwing nets
Armour
 a - a +0 robe (worn)
Jewellery
 c - a +4 ring of protection (left claw)
Scrolls
 e - 4 scrolls of teleportation {unknown}
 h - 2 scrolls of magic mapping {unknown}
 i - 2 scrolls of summoning {unknown}
 j - 6 scrolls of identify {unknown}
 k - 2 scrolls of torment {unknown}
 l - 2 scrolls of vulnerability {unknown}
 m - a scroll of immolation {unknown}
 n - a scroll of amnesia {unknown}
 s - a scroll of blinking {unknown}
 u - a scroll of silence {unknown}
Potions
 b - a potion of lignification
 d - 5 potions of curing {unknown}
 f - a potion of mutation {unknown}
 g - a potion of degeneration {unknown}
 o - a potion of haste {unknown}
 p - 3 potions of resistance {unknown}
 q - 4 potions of attraction {unknown}
 r - 3 potions of flight
 t - 3 potions of might {unknown}
 v - 2 potions of brilliance {unknown}


   Skills:
 + Level 2.7 Fighting
 + Level 3.2 Dodging
 + Level 4.4 Unarmed Combat
 + Level 2.4 Spellcasting
 + Level 2.9 Transmutations


You had 7 spell levels left.
You knew the following spells:

 Your Spells              Type           Power      Damage    Failure   Level
a - Beastly Appendage     Tmut           14%        N/A       9%          1
b - Wereblood             Tmut           7%         N/A       13%         2

Your spell library contained the following spells:

 Spells                   Type           Power      Damage    Failure   Level
 Animate Skeleton         Necr           2%         N/A       28%         1
 Apportation              Tloc           2%         N/A       28%         1
 Summon Small Mammal      Summ           4%         N/A       28%         1
 Spider Form              Tmut/Pois      4%         N/A       41%         3
 Ice Form                 Ice/Tmut       4%         N/A       83%         4
 Summon Forest            Summ/Tloc      0%         N/A       100%        5
 Eringya's Noxious Bog    Tmut/Pois      2%         N/A       100%        6
 Summon Hydra             Summ           0%         N/A       100%        7


Dungeon Overview and Level Annotations

Branches:
Dungeon (5/15)              Sewer (visited)
 Temple: D:4-7

Altars:

Shops:
D:4 [

Annotations:
D:5 Pikel


Innate Abilities, Weirdness & Mutations

You have temporarily grown beastly horns and talons.
You are too large for most types of armour.
You have claws for hands.
Your natural rate of healing is unusually fast.
You are covered in fur. (AC +1)
You have tough skin. (AC +1)


Message History

Pikel hits you with a +0 whip of freezing.
Pikel freezes you.
You scratch Pikel.
Pikel is moderately wounded.
Your primal bloodlust is almost over.
The lemure hits you. The lemure completely misses you.
Pikel closely misses you.
You scratch Pikel. Your headbutt misses Pikel.
Pikel is heavily wounded.
Your horns disappear.
Your talons disappear.
The lemure barely misses you. The lemure hits you but does no damage.
Pikel hits you with a +0 whip of freezing.
Pikel freezes you.
You claw Pikel!
Pikel is almost dead.
The lemure hits you. The lemure barely misses you.
Pikel hits you but does no damage.
You closely miss Pikel.
Pikel is almost dead.
The lemure closely misses you. The lemure hits you.
Pikel hits you with a +0 whip of freezing.
* * * LOW HITPOINT WARNING * * *
Pikel freezes you.
* * * LOW HITPOINT WARNING * * *
Casting: Beastly Appendage (safe; 9% risk of failure)
Confirm with . or Enter, or press ? or * to list all spells.
You grow a pair of large bovine horns.
Your feet morph into talons.
The lemure hits you.
* * * LOW HITPOINT WARNING * * *
The lemure hits you.
* * * LOW HITPOINT WARNING * * *
Pikel hits you with a +0 whip of freezing.
* * * LOW HITPOINT WARNING * * *
Pikel freezes you.
* * * LOW HITPOINT WARNING * * *
You scratch Pikel. Your kick misses Pikel. Your headbutt misses Pikel.
Pikel is almost dead.
The lemure barely misses you. The lemure hits you but does no damage.
Pikel hits you with a +0 whip of freezing!
You die...

..# ..# ...#
...# .
######...#.#
.#>#...........
.......5K.....$
#...@55.....
######5..#.#
..# .# #


You could see Pikel and 4 lemures.

Vanquished Creatures
  An ogre (D:4)
  A necrophage (D:4)
  2 jellies (D:4)
  A hound (D:4)
  An iguana (D:4)
  3 orc wizards (D:4)
  11 adders
  5 river rats (Sewer)
  4 worms
  8 orcs
  9 bats
  5 endoplasms
  6 giant cockroaches
  5 goblins
  4 hobgoblins
  8 jackals
  2 kobolds
  6 quokkas
  16 ball pythons
  6 frilled lizards
  7 rats
111 creatures vanquished.

Notes
Turn   | Place    | Note
-------+----------+-------------------------------------------
     0 | D:1      | happo123 the Troll Transmuter began the quest for the Orb.
     0 | D:1      | Reached XP level 1. HP: 18/18 MP: 1/1
   130 | D:1      | Found a faded altar of an unknown god.
   444 | D:1      | Reached skill level 1 in Fighting
   445 | D:1      | Reached XP level 2. HP: 27/27 MP: 3/3
  1025 | D:2      | Reached XP level 3. HP: 33/33 MP: 4/4
  1115 | D:2      | Reached XP level 4. HP: 41/41 MP: 5/5
  1996 | D:3      | Found a glowing drain.
  2000 | Sewer    | Entered a sewer
  2149 | Sewer    | Reached XP level 5. HP: 4/49 MP: 4/6
  2208 | Sewer    | Learned a level 2 spell: Wereblood
  3053 | D:4      | Noticed an ogre
  3058 | D:4      | Killed an ogre
  3059 | D:4      | Reached skill level 4 in Unarmed Combat
  3059 | D:4      | Reached XP level 6. HP: 49/57 MP: 6/8
  3241 | D:4      | Reached XP level 7. HP: 65/66 MP: 9/9
  3416 | D:4      | Found Nibihum's Antique Armour Shop.
  3533 | D:5      | Entered Level 5 of the Dungeon
  3533 | D:5      | Noticed Pikel
  3555 | D:5      | Slain by Pikel

Illustrated notes

Levels and vault maps discovered:
D:1:      matt_arrival_spirals, layout_basic, dreamdust_ecumenical_altar_grove
D:2:      layout_loops_ring
D:3:      layout_basic, gup_sewer_entry_bowl
D:4:      layout_basic, serial_shops, kennysheep_mini_moat
D:5:      layout_loops_cross, uniq_pikel

Skill      XL: |  1  2  3  4  5  6 |
---------------+-------------------+-----
Fighting       | 1 2 |  2.7
Dodging        | 2 3 |  3.2
Transmutations | 2 |  2.9
Spellcasting   | 2 |  2.4
Unarmed Combat | 4 |  4.4

Action                   |  1- 3 |  4- 6 |  7- 9 || total
-------------------------+-------+-------+-------++-------
Melee: Unarmed           |    49 |   168 |    29 ||   246
       Kick              |     2 |    15 |     7 ||    24
       Headbutt          |     1 |     6 |     3 ||    10
       Punch             |     1 |     2 |       ||     3
 Cast: Beastly Appendage |     2 |     8 |     3 ||    13
       Wereblood         |       |     2 |     1 ||     3
  Use: Potion            |       |     2 |       ||     2
 Stab: Sleeping          |     2 |     2 |       ||     4
Armor: Robe              |    19 |    96 |    19 ||   134
Dodge: Dodged            |    20 |   115 |    19 ||   154

Table legend: (Time is in decaauts)
 A = Elapsed time spent in this place.
 B = Non-inter-level travel time spent in this place.
 C = Inter-level travel time spent in this place.
 D = Time resting spent in this place.
 E = Time spent auto-exploring this place.
 F = Levels seen in this place.
 G = Mean time per level.
                   A        B        C        D        E       F      G
               +--------+--------+--------+--------+--------+-----+--------+
         Total |   3676 |   3238 |    438 |     38 |   2409 |   6 |  612.7 |
       Dungeon |   2956 |   2518 |    438 |      0 |   2081 |   5 |  591.2 |
         Sewer |    720 |    720 |      0 |     38 |    328 |   1 |  720.0 |
               +--------+--------+--------+--------+--------+-----+--------+

Top non-repeatable levels by time:
     D:1: 1007 daAuts
     D:3: 751 daAuts
   Sewer: 720 daAuts
     D:2: 694 daAuts
     D:4: 482 daAuts
     D:5: 20 daAuts
